[ AOE2 MATCH · #477765526 ]
UnrankedEthiopians vs Ethiopians
[ REPLAY ANALYSIS · EXTRACTED FROM THE RECORDED GAME ]
Feudal
10:07
Castle
—
Imperial
—
| APM avg | 39.2 |
| APM peak | 72 |
| eAPM avg | 17.3 |
| Villagers / military | 46 / 40 |
Focus
⚔️ 39.9% · 🌾 60.1%
Archer ×32 · Skirmisher ×8
Feudal
9:18
Castle
—
Imperial
—
| APM avg | 50.2 |
| APM peak | 97 |
| eAPM avg | 16.6 |
| Villagers / military | 43 / 48 |
Focus
⚔️ 44.6% · 🌾 55.4%
Archer ×37 · Skirmisher ×11
Feudal
8:44
Castle
—
Imperial
—
| APM avg | 58.2 |
| APM peak | 94 |
| eAPM avg | 24.5 |
| Villagers / military | 28 / 24 |
Focus
⚔️ 49.8% · 🌾 50.2%
Archer ×24
Feudal
8:58
Castle
—
Imperial
—
| APM avg | 57.7 |
| APM peak | 96 |
| eAPM avg | 24.3 |
| Villagers / military | 53 / 44 |
Focus
⚔️ 58.6% · 🌾 41.4%
Camel Scout ×27 · Scout Cavalry ×17
Feudal
8:58
Castle
—
Imperial
—
| APM avg | 80.2 |
| APM peak | 124 |
| eAPM avg | 19.9 |
| Villagers / military | 47 / 31 |
Focus
⚔️ 21.1% · 🌾 78.9%
Scout Cavalry ×27 · Spearman ×4
Feudal
9:37
Castle
21:59
Imperial
—
| APM avg | 53.7 |
| APM peak | 85 |
| eAPM avg | 17.5 |
| Villagers / military | 55 / 25 |
Focus
⚔️ 31.7% · 🌾 68.3%
Scout Cavalry ×16 · Knight ×9
Feudal
8:56
Castle
—
Imperial
—
| APM avg | 48.9 |
| APM peak | 79 |
| eAPM avg | 21.0 |
| Villagers / military | 48 / 43 |
Focus
⚔️ 41.9% · 🌾 58.1%
Archer ×19 · Skirmisher ×15 · Militia ×9
Feudal
10:09
Castle
—
Imperial
—
| APM avg | 78.6 |
| APM peak | 108 |
| eAPM avg | 18.3 |
| Villagers / military | 46 / 20 |
Focus
⚔️ 30.5% · 🌾 69.5%
Scout Cavalry ×20
Match map
Initial resources + every placement click. Lines = walls · curves = elevation contours. ◆ gold · ⬟ stone · ● berries · ✦ relic · ◌ wall gap
Your base· Open — unwalled flank
leom1a210343's base· Open — unwalled flank
Enhanced interrogation's base· Open — 4t gap
Mr Diniz's base· Open — unwalled flank
87484897887's base· Open — unwalled flank
xGusZx24's base· Open — unwalled flank
埃迪卡拉老兵's base· Open — unwalled flank
Rhapcore's base· Open — unwalled flank
Smoothed initial terrain · ◌ = detected wall gap · hover for details
Inputs per minute
— MZTK I Kazoo - - leom1a210343
Build order — MZTK I Kazoo
First 150 of 153 actions detected
| 0:01 | Create | Villager (Male) ×4 |
| 0:03 | Build | House |
| 0:04 | Build | House |
| 1:32 | Create | Villager (Male) |
| 1:33 | Create | Villager (Male) |
| 2:05 | Create | Villager (Male) |
| 2:05 | Create | Villager (Male) |
| 2:28 | Create | Villager (Male) |
| 2:28 | Create | Villager (Male) |
| 2:45 | Build | Lumber Camp |
| 2:52 | Create | Villager (Male) |
| 2:52 | Create | Villager (Male) |
| 3:00 | Build | Lumber Camp |
| 3:18 | Create | Villager (Male) |
| 3:19 | Create | Villager (Male) |
| 3:33 | Create | Villager (Male) |
| 3:33 | Create | Villager (Male) |
| 3:48 | Build | Mill |
| 4:04 | Create | Villager (Male) |
| 4:04 | Create | Villager (Male) |
| 4:13 | Build | House |
| 4:32 | Create | Villager (Male) |
| 4:33 | Create | Villager (Male) |
| 5:00 | Create | Villager (Male) |
| 5:00 | Create | Villager (Male) |
| 5:00 | Create | Villager (Male) |
| 5:07 | Build | House |
| 5:41 | Build | Palisade Wall |
| 5:46 | Create | Villager (Male) |
| 6:06 | Create | Villager (Male) |
| 6:10 | Build | Palisade Wall |
| 6:12 | Build | Palisade Wall |
| 6:34 | Create | Villager (Male) |
| 7:03 | Create | Villager (Male) |
| 7:08 | Research | Loom |
| 7:18 | Build | Palisade Wall |
| 7:57 | Research | Feudal Age |
| 7:57 | Research | Feudal Age |
| 8:12 | Build | Palisade Wall |
| 8:17 | Build | Barracks |
| 8:38 | Build | House |
| 8:44 | Build | House |
| 10:00 | Build | Mining Camp |
| 10:03 | Build | Farm |
| 10:05 | Build | Farm |
| 10:07 | Age | Feudal Age |
| 10:09 | Build | Archery Range |
| 10:15 | Research | Double-Bit Axe |
| 10:15 | Research | Double-Bit Axe |
| 10:16 | Create | Villager (Male) |
| 10:17 | Create | Villager (Male) |
| 10:49 | Build | Archery Range |
| 10:59 | Build | House |
| 11:01 | Create | Villager (Male) |
| 11:03 | Create | Archer |
| 11:20 | Create | Villager (Male) |
| 11:31 | Create | Archer |
| 11:46 | Create | Archer |
| 11:51 | Build | House |
| 11:56 | Build | Farm |
| 11:58 | Create | Archer |
| 11:59 | Create | Archer |
| 12:09 | Build | Watch Tower |
| 12:13 | Create | Villager (Male) |
| 12:14 | Create | Villager (Male) |
| 12:46 | Build | Palisade Wall |
| 12:49 | Build | Palisade Wall |
| 12:53 | Build | Palisade Gate |
| 12:55 | Create | Archer |
| 12:55 | Create | Archer |
| 13:15 | Build | Farm |
| 13:22 | Create | Archer |
| 13:22 | Create | Archer |
| 13:23 | Build | House |
| 13:32 | Create | Villager (Male) |
| 13:34 | Build | Blacksmith |
| 14:00 | Create | Archer |
| 14:01 | Create | Archer |
| 14:03 | Build | House |
| 14:21 | Create | Archer |
| 14:21 | Create | Archer |
| 14:47 | Research | Fletching |
| 14:49 | Build | House |
| 14:54 | Create | Villager (Male) |
| 14:55 | Create | Villager (Male) |
| 14:55 | Create | Villager (Male) |
| 14:55 | Create | Villager (Male) |
| 14:59 | Build | Farm |
| 15:06 | Build | Farm |
| 15:09 | Build | Farm |
| 15:26 | Create | Archer |
| 15:27 | Create | Archer |
| 15:43 | Build | Farm |
| 15:51 | Create | Archer |
| 15:52 | Create | Archer |
| 15:52 | Create | Archer |
| 16:12 | Research | Padded Archer Armor |
| 16:12 | Create | Villager (Male) |
| 16:12 | Create | Villager (Male) |
| 16:16 | Build | Farm |
| 16:16 | Build | Farm |
| 16:18 | Build | Farm |
| 16:36 | Create | Archer |
| 16:36 | Create | Archer |
| 16:54 | Create | Archer |
| 16:57 | Create | Villager (Male) |
| 16:58 | Create | Villager (Male) |
| 16:59 | Build | Farm |
| 17:36 | Create | Archer |
| 17:36 | Create | Archer |
| 17:47 | Create | Villager (Male) |
| 17:53 | Build | Farm |
| 17:53 | Build | Farm |
| 17:54 | Build | Farm |
| 17:58 | Create | Archer |
| 17:58 | Create | Archer |
| 18:09 | Build | Archery Range |
| 18:24 | Build | Farm |
| 18:27 | Build | Farm |
| 18:29 | Build | Farm |
| 18:30 | Build | Farm |
| 18:32 | Create | Archer |
| 18:32 | Create | Archer |
| 18:44 | Research | Wheelbarrow |
| 18:45 | Research | Wheelbarrow |
| 19:11 | Create | Archer |
| 19:14 | Build | House |
| 19:23 | Build | Mining Camp |
| 19:31 | Create | Villager (Male) |
| 20:02 | Create | Archer |
| 20:02 | Create | Archer |
| 20:20 | Build | House |
| 20:28 | Create | Villager (Male) |
| 20:28 | Create | Villager (Male) |
| 20:38 | Build | Palisade Gate |
| 20:43 | Build | House |
| 20:58 | Build | House |
| 21:16 | Build | Mining Camp |
| 21:55 | Build | Market |
| 22:00 | Create | Skirmisher |
| 22:01 | Create | Skirmisher |
| 22:01 | Create | Skirmisher |
| 22:01 | Create | Skirmisher |
| 22:11 | Research | Castle Age |
| 22:11 | Research | Castle Age |
| 22:14 | Create | Skirmisher |
| 22:14 | Create | Skirmisher |
| 22:41 | Build | Lumber Camp |
| 22:50 | Create | Skirmisher |
| 22:50 | Create | Skirmisher |
Build order — leom1a210343
137 actions detected in the replay
| 0:01 | Create | Villager (Male) |
| 0:01 | Create | Villager (Male) |
| 0:03 | Build | House |
| 0:09 | Create | Villager (Male) |
| 0:10 | Create | Villager (Male) |
| 0:10 | Create | Villager (Male) |
| 0:10 | Create | Villager (Male) |
| 1:29 | Create | Villager (Male) |
| 1:29 | Create | Villager (Male) |
| 2:06 | Build | Lumber Camp |
| 2:09 | Research | Loom |
| 2:10 | Research | Loom |
| 2:34 | Create | Villager (Male) |
| 2:34 | Create | Villager (Male) |
| 2:35 | Create | Villager (Male) |
| 2:38 | Build | House |
| 3:30 | Build | House |
| 3:53 | Create | Villager (Male) |
| 3:53 | Create | Villager (Male) |
| 3:53 | Create | Villager (Male) |
| 3:54 | Create | Villager (Male) |
| 4:13 | Create | Villager (Male) |
| 4:13 | Create | Villager (Male) |
| 4:32 | Create | Villager (Male) |
| 4:33 | Create | Villager (Male) |
| 5:20 | Build | Mining Camp |
| 5:53 | Create | Villager (Male) |
| 5:53 | Create | Villager (Male) |
| 5:53 | Create | Villager (Male) |
| 5:53 | Create | Villager (Male) |
| 5:59 | Create | Villager (Male) |
| 5:59 | Create | Villager (Male) |
| 5:59 | Create | Villager (Male) |
| 7:08 | Research | Feudal Age |
| 7:08 | Research | Feudal Age |
| 8:22 | Build | Barracks |
| 8:47 | Create | Villager (Male) |
| 9:18 | Age | Feudal Age |
| 9:25 | Build | Archery Range |
| 9:36 | Build | House |
| 9:47 | Research | Town Watch |
| 9:55 | Build | Archery Range |
| 10:04 | Create | Villager (Male) |
| 10:29 | Create | Archer |
| 10:32 | Create | Villager (Male) |
| 10:40 | Build | Blacksmith |
| 10:47 | Create | Archer |
| 10:47 | Create | Archer |
| 11:03 | Create | Archer |
| 11:03 | Create | Archer |
| 11:14 | Create | Archer |
| 11:15 | Create | Archer |
| 12:04 | Research | Fletching |
| 12:05 | Research | Fletching |
| 12:06 | Create | Skirmisher |
| 12:07 | Create | Skirmisher |
| 12:07 | Create | Villager (Male) |
| 12:10 | Build | House |
| 12:26 | Create | Archer |
| 12:34 | Create | Villager (Male) |
| 12:43 | Create | Archer |
| 12:44 | Create | Archer |
| 12:47 | Research | Double-Bit Axe |
| 12:47 | Research | Double-Bit Axe |
| 12:47 | Research | Double-Bit Axe |
| 13:02 | Create | Skirmisher |
| 13:34 | Create | Archer |
| 13:34 | Create | Archer |
| 13:35 | Create | Villager (Male) |
| 14:17 | Research | Padded Archer Armor |
| 14:17 | Research | Padded Archer Armor |
| 14:20 | Create | Villager (Male) |
| 14:29 | Build | House |
| 14:53 | Create | Archer |
| 14:54 | Create | Archer |
| 14:58 | Build | House |
| 14:59 | Build | Palisade Wall |
| 15:08 | Create | Archer |
| 15:08 | Create | Archer |
| 15:09 | Create | Villager (Male) |
| 15:25 | Create | Skirmisher |
| 15:25 | Create | Skirmisher |
| 16:30 | Create | Archer |
| 16:30 | Create | Archer |
| 16:43 | Build | Mill |
| 16:57 | Build | Watch Tower |
| 17:12 | Create | Archer |
| 17:12 | Create | Archer |
| 17:13 | Create | Archer |
| 17:21 | Create | Skirmisher |
| 17:21 | Create | Archer |
| 17:23 | Create | Villager (Male) |
| 17:23 | Create | Villager (Male) |
| 17:45 | Create | Archer |
| 17:46 | Create | Archer |
| 17:56 | Create | Skirmisher |
| 17:56 | Create | Archer |
| 18:05 | Create | Archer |
| 18:05 | Create | Archer |
| 18:06 | Create | Archer |
| 18:06 | Create | Skirmisher |
| 18:06 | Create | Skirmisher |
| 18:22 | Create | Archer |
| 18:22 | Create | Archer |
| 19:00 | Create | Archer |
| 19:01 | Create | Archer |
| 19:08 | Build | Lumber Camp |
| 19:17 | Create | Archer |
| 19:17 | Create | Archer |
| 19:18 | Create | Villager (Male) |
| 19:27 | Build | House |
| 19:34 | Create | Archer |
| 19:35 | Create | Archer |
| 20:13 | Create | Skirmisher |
| 20:13 | Create | Skirmisher |
| 20:31 | Build | Farm |
| 20:39 | Create | Villager (Male) |
| 20:47 | Build | House |
| 20:56 | Create | Archer |
| 20:58 | Build | Farm |
| 21:02 | Build | House |
| 21:03 | Build | House |
| 21:07 | Build | House |
| 21:08 | Build | House |
| 21:23 | Build | Farm |
| 21:26 | Build | Farm |
| 21:53 | Create | Villager (Male) |
| 21:55 | Build | Farm |
| 21:56 | Build | Farm |
| 21:57 | Build | Farm |
| 22:02 | Create | Villager (Male) |
| 22:13 | Build | Farm |
| 22:20 | Create | Villager (Male) |
| 22:36 | Build | Farm |
| 22:39 | Create | Villager (Male) |
| 23:11 | Build | Market |
| 23:34 | Create | Villager (Male) |
Build order — Enhanced interrogation
104 actions detected in the replay
| 0:01 | Create | Villager (Male) ×4 |
| 0:03 | Build | House |
| 0:05 | Build | House |
| 1:35 | Create | Villager (Male) |
| 2:07 | Build | Lumber Camp |
| 2:09 | Create | Villager (Male) |
| 2:34 | Create | Villager (Male) |
| 2:41 | Create | Villager (Male) |
| 3:03 | Create | Villager (Male) |
| 3:11 | Build | Palisade Wall |
| 3:14 | Build | Palisade Wall |
| 3:15 | Build | Palisade Wall |
| 3:16 | Build | Palisade Wall |
| 3:17 | Build | Palisade Wall |
| 3:21 | Build | Palisade Wall |
| 3:42 | Create | Villager (Male) |
| 3:48 | Build | Palisade Wall |
| 3:51 | Build | Palisade Wall |
| 4:10 | Build | House |
| 4:11 | Build | Palisade Wall |
| 4:11 | Build | Palisade Wall |
| 4:21 | Create | Villager (Male) |
| 4:21 | Create | Villager (Male) |
| 4:21 | Create | Villager (Male) |
| 4:58 | Build | Palisade Wall |
| 5:06 | Build | Palisade Wall |
| 5:37 | Create | Villager (Male) |
| 5:50 | Build | Mining Camp |
| 5:54 | Build | Palisade Wall |
| 5:56 | Build | Palisade Wall |
| 5:57 | Build | Palisade Wall |
| 6:05 | Create | Villager (Male) |
| 6:09 | Research | Loom |
| 6:33 | Research | Feudal Age |
| 7:22 | Build | Palisade Wall |
| 7:23 | Build | Palisade Wall |
| 7:38 | Build | Barracks |
| 8:38 | Build | House |
| 8:44 | Age | Feudal Age |
| 8:51 | Research | Double-Bit Axe |
| 8:56 | Build | Archery Range |
| 8:58 | Create | Villager (Male) |
| 9:18 | Build | Archery Range |
| 9:47 | Build | Archery Range |
| 9:52 | Build | Palisade Wall |
| 9:53 | Build | Palisade Wall |
| 9:55 | Build | Palisade Wall |
| 9:59 | Create | Archer |
| 10:00 | Create | Villager (Male) |
| 10:14 | Build | Blacksmith |
| 10:24 | Create | Archer |
| 11:01 | Create | Archer |
| 11:12 | Build | House |
| 11:13 | Build | House |
| 11:14 | Build | House |
| 11:43 | Research | Fletching |
| 12:29 | Create | Archer |
| 12:29 | Create | Archer |
| 12:52 | Create | Archer |
| 12:54 | Create | Villager (Male) |
| 12:56 | Build | Archery Range |
| 13:08 | Build | Palisade Wall |
| 13:22 | Create | Archer |
| 13:23 | Create | Villager (Male) |
| 13:52 | Create | Archer |
| 14:34 | Create | Archer |
| 14:35 | Create | Archer |
| 14:35 | Create | Villager (Male) |
| 14:43 | Build | Mill |
| 15:19 | Create | Archer |
| 15:20 | Create | Archer |
| 15:50 | Create | Archer |
| 15:50 | Create | Archer |
| 15:54 | Create | Villager (Male) |
| 15:58 | Build | Farm |
| 15:58 | Build | Farm |
| 15:58 | Build | Farm |
| 15:59 | Build | Farm |
| 15:59 | Build | Farm |
| 15:59 | Build | Farm |
| 16:08 | Build | Mill |
| 16:43 | Create | Archer |
| 16:44 | Create | Archer |
| 16:56 | Build | House |
| 17:04 | Create | Villager (Male) |
| 17:38 | Create | Archer |
| 17:38 | Create | Archer |
| 18:06 | Create | Villager (Male) |
| 18:41 | Research | Padded Archer Armor |
| 18:49 | Create | Villager (Male) |
| 18:49 | Create | Villager (Male) |
| 19:40 | Build | House |
| 20:03 | Create | Archer |
| 20:04 | Create | Archer |
| 20:28 | Build | Palisade Wall |
| 20:47 | Build | Lumber Camp |
| 21:37 | Create | Archer |
| 21:37 | Create | Archer |
| 21:47 | Create | Villager (Male) |
| 22:29 | Build | Farm |
| 22:41 | Create | Archer |
| 22:41 | Create | Archer |
| 22:42 | Create | Villager (Male) |
| 22:43 | Create | Villager (Male) |
Build order — Mr Diniz
143 actions detected in the replay
| 0:01 | Create | Villager (Male) |
| 0:02 | Create | Villager (Male) |
| 0:02 | Create | Villager (Male) |
| 0:02 | Create | Villager (Male) |
| 0:02 | Create | Villager (Male) |
| 0:04 | Build | Mill |
| 0:06 | Build | House |
| 0:32 | Build | House |
| 1:29 | Create | Villager (Male) |
| 1:30 | Create | Villager (Male) |
| 1:54 | Create | Villager (Male) |
| 1:54 | Create | Villager (Male) |
| 2:22 | Create | Villager (Male) |
| 2:22 | Create | Villager (Male) |
| 2:42 | Create | Villager (Male) |
| 2:42 | Create | Villager (Male) |
| 3:12 | Create | Villager (Male) |
| 3:13 | Create | Villager (Male) |
| 3:13 | Create | Villager (Male) |
| 3:45 | Create | Villager (Male) |
| 3:54 | Build | House |
| 3:59 | Create | Villager (Male) |
| 3:59 | Create | Villager (Male) |
| 4:35 | Create | Villager (Male) |
| 4:35 | Create | Villager (Male) |
| 4:49 | Create | Villager (Male) |
| 4:49 | Create | Villager (Male) |
| 4:54 | Build | Lumber Camp |
| 4:58 | Create | Villager (Male) |
| 4:58 | Create | Villager (Male) |
| 5:25 | Create | Villager (Male) |
| 5:53 | Create | Villager (Male) |
| 6:23 | Create | Villager (Male) |
| 6:38 | Research | Feudal Age |
| 6:48 | Research | Loom |
| 8:06 | Build | Barracks |
| 8:37 | Build | House |
| 8:52 | Create | Villager (Male) |
| 8:58 | Age | Feudal Age |
| 9:16 | Build | Stable |
| 9:25 | Create | Villager (Male) |
| 9:56 | Build | House |
| 10:02 | Create | Villager (Male) |
| 10:04 | Research | Double-Bit Axe |
| 10:09 | Create | Scout Cavalry |
| 10:09 | Create | Scout Cavalry |
| 10:26 | Create | Villager (Male) |
| 10:29 | Build | House |
| 10:31 | Build | Palisade Wall |
| 10:56 | Create | Villager (Male) |
| 11:06 | Create | Scout Cavalry |
| 11:06 | Create | Scout Cavalry |
| 11:06 | Create | Scout Cavalry |
| 11:07 | Create | Scout Cavalry |
| 11:32 | Create | Villager (Male) |
| 11:36 | Create | Villager (Male) |
| 11:41 | Research | Horse Collar |
| 12:23 | Create | Villager (Male) |
| 12:26 | Build | House |
| 12:27 | Build | House |
| 12:38 | Create | Scout Cavalry |
| 13:00 | Build | Farm |
| 13:00 | Build | Farm |
| 13:00 | Build | Farm |
| 13:00 | Build | Farm |
| 13:01 | Build | Farm |
| 13:01 | Build | Farm |
| 13:01 | Build | Farm |
| 13:02 | Build | Farm |
| 13:02 | Build | Farm |
| 13:17 | Create | Villager (Male) |
| 13:20 | Build | Farm |
| 13:20 | Build | Farm |
| 13:20 | Build | Farm |
| 13:21 | Build | Farm |
| 13:21 | Build | Farm |
| 13:21 | Build | Farm |
| 13:36 | Build | Farm |
| 13:38 | Build | Farm |
| 13:52 | Build | Farm |
| 14:10 | Create | Villager (Male) |
| 14:17 | Create | Villager (Male) |
| 14:21 | Build | Mining Camp |
| 14:33 | Create | Scout Cavalry |
| 14:33 | Create | Scout Cavalry |
| 14:42 | Create | Scout Cavalry |
| 15:01 | Create | Villager (Male) |
| 15:14 | Build | Blacksmith |
| 15:26 | Create | Scout Cavalry |
| 15:27 | Create | Villager (Male) |
| 15:51 | Create | Villager (Male) |
| 15:56 | Create | Scout Cavalry |
| 16:14 | Research | Scale Barding Armor |
| 16:15 | Create | Villager (Male) |
| 16:24 | Build | Farm |
| 16:24 | Build | Farm |
| 16:26 | Build | Farm |
| 16:31 | Create | Villager (Male) |
| 16:39 | Create | Scout Cavalry |
| 16:46 | Create | Villager (Male) |
| 17:01 | Build | Stable |
| 17:12 | Research | Bloodlines |
| 17:37 | Build | Farm |
| 17:37 | Build | Farm |
| 17:42 | Create | Villager (Male) |
| 18:03 | Create | Scout Cavalry ×2 |
| 18:04 | Create | Scout Cavalry ×2 |
| 18:14 | Create | Villager (Male) |
| 18:33 | Create | Villager (Male) |
| 18:35 | Create | Camel Scout ×2 |
| 18:35 | Create | Camel Scout ×3 |
| 18:35 | Create | Camel Scout |
| 18:35 | Create | Camel Scout |
| 18:37 | Build | House |
| 18:40 | Build | House |
| 18:44 | Build | House |
| 18:45 | Build | House |
| 18:45 | Build | House |
| 18:56 | Create | Villager (Male) |
| 19:08 | Build | Farm |
| 19:09 | Build | Farm |
| 19:22 | Research | Forging |
| 19:42 | Create | Villager (Male) |
| 20:09 | Create | Villager (Male) |
| 20:14 | Build | Stable |
| 20:40 | Create | Villager (Male) |
| 21:18 | Research | Castle Age |
| 21:18 | Research | Castle Age |
| 21:45 | Create | Camel Scout ×2 |
| 21:46 | Create | Camel Scout ×2 |
| 21:46 | Create | Camel Scout |
| 22:00 | Create | Camel Scout |
| 22:00 | Create | Camel Scout |
| 22:10 | Build | House |
| 22:11 | Build | House |
| 22:12 | Build | House |
| 22:17 | Create | Camel Scout ×3 |
| 22:17 | Create | Camel Scout ×3 |
| 22:33 | Build | Lumber Camp |
| 22:54 | Create | Camel Scout ×3 |
| 22:54 | Create | Camel Scout ×3 |
| 22:55 | Create | Camel Scout |
| 23:40 | Create | Villager (Male) |
Build order — 87484897887
First 150 of 168 actions detected
| 0:02 | Create | Villager (Male) |
| 0:02 | Create | Villager (Male) |
| 0:03 | Create | Villager (Male) |
| 0:03 | Create | Villager (Male) |
| 0:06 | Build | House |
| 0:56 | Build | House |
| 0:56 | Build | House |
| 0:57 | Build | House |
| 1:37 | Create | Villager (Male) |
| 2:08 | Create | Villager (Male) |
| 2:37 | Create | Villager (Male) |
| 2:38 | Research | Loom |
| 2:50 | Create | Villager (Male) |
| 3:43 | Build | House |
| 3:52 | Create | Villager (Male) |
| 3:52 | Create | Villager (Male) |
| 4:26 | Create | Villager (Male) |
| 4:26 | Create | Villager (Male) |
| 4:49 | Create | Villager (Male) |
| 4:52 | Create | Villager (Male) |
| 5:43 | Create | Villager (Male) |
| 5:44 | Create | Villager (Male) |
| 5:59 | Create | Villager (Male) |
| 6:11 | Build | Mill |
| 6:24 | Create | Villager (Male) |
| 6:36 | Research | Feudal Age |
| 8:02 | Create | Villager (Male) |
| 8:02 | Create | Villager (Male) |
| 8:10 | Build | House |
| 8:10 | Build | House |
| 8:10 | Build | House |
| 8:10 | Build | House |
| 8:30 | Create | Villager (Male) |
| 8:40 | Create | Villager (Male) |
| 8:58 | Age | Feudal Age |
| 9:02 | Create | Villager (Male) |
| 9:02 | Create | Villager (Male) |
| 9:08 | Build | Stable |
| 9:16 | Create | Villager (Male) |
| 9:22 | Create | Villager (Male) |
| 9:48 | Create | Scout Cavalry |
| 9:52 | Create | Scout Cavalry |
| 9:52 | Create | Scout Cavalry |
| 10:29 | Create | Scout Cavalry |
| 10:54 | Build | Stable |
| 11:03 | Build | Lumber Camp |
| 11:11 | Create | Villager (Male) |
| 11:33 | Create | Scout Cavalry |
| 11:47 | Create | Villager (Male) |
| 11:47 | Create | Villager (Male) |
| 12:18 | Create | Villager (Male) |
| 12:19 | Create | Scout Cavalry |
| 12:20 | Create | Scout Cavalry |
| 12:20 | Create | Scout Cavalry |
| 12:38 | Create | Scout Cavalry |
| 12:59 | Create | Villager (Male) |
| 13:00 | Create | Villager (Male) |
| 13:14 | Research | Horse Collar |
| 13:14 | Research | Horse Collar |
| 13:30 | Build | Blacksmith |
| 13:34 | Build | House |
| 13:34 | Build | House |
| 13:35 | Build | House |
| 13:36 | Create | Scout Cavalry |
| 13:36 | Create | Scout Cavalry |
| 14:14 | Create | Villager (Male) |
| 14:15 | Create | Villager (Male) |
| 14:17 | Build | Farm |
| 14:17 | Build | Farm |
| 14:18 | Build | Farm |
| 14:18 | Build | Farm |
| 14:18 | Build | Farm |
| 14:18 | Build | Farm |
| 14:18 | Build | Farm |
| 14:19 | Build | Farm |
| 14:36 | Create | Scout Cavalry |
| 14:36 | Create | Scout Cavalry |
| 14:55 | Create | Villager (Male) |
| 14:57 | Build | Farm |
| 14:57 | Build | Farm |
| 14:58 | Build | Farm |
| 14:58 | Build | Farm |
| 14:58 | Build | Farm |
| 15:28 | Build | House |
| 15:41 | Create | Scout Cavalry |
| 15:45 | Build | Farm |
| 15:45 | Build | Farm |
| 15:45 | Build | Farm |
| 15:45 | Build | Farm |
| 15:53 | Create | Villager (Male) |
| 16:00 | Build | Farm |
| 16:01 | Build | Farm |
| 16:01 | Build | Farm |
| 16:01 | Build | Farm |
| 16:01 | Build | Farm |
| 16:01 | Build | Farm |
| 16:07 | Create | Villager (Male) |
| 16:28 | Build | Farm |
| 16:29 | Build | Farm |
| 16:29 | Build | Farm |
| 16:29 | Build | Farm |
| 16:29 | Build | Farm |
| 16:30 | Create | Villager (Male) |
| 16:51 | Create | Scout Cavalry |
| 17:04 | Build | House |
| 17:04 | Build | House |
| 17:05 | Build | House |
| 17:05 | Build | House |
| 17:05 | Build | House |
| 17:05 | Build | House |
| 17:06 | Build | House |
| 17:06 | Build | House |
| 17:08 | Create | Villager (Male) |
| 17:16 | Build | Farm |
| 17:16 | Build | Farm |
| 17:16 | Build | Farm |
| 17:17 | Build | Farm |
| 17:17 | Build | Farm |
| 17:17 | Build | Farm |
| 17:17 | Build | Farm |
| 17:18 | Build | Farm |
| 17:18 | Build | Farm |
| 17:18 | Build | Farm |
| 17:18 | Build | Farm |
| 17:19 | Build | Farm |
| 17:19 | Build | Farm |
| 17:19 | Build | Farm |
| 17:19 | Build | Farm |
| 17:19 | Build | Farm |
| 17:20 | Build | Farm |
| 17:20 | Build | Farm |
| 17:31 | Create | Scout Cavalry |
| 17:44 | Create | Scout Cavalry |
| 17:44 | Create | Scout Cavalry |
| 18:06 | Create | Villager (Male) |
| 18:06 | Create | Villager (Male) |
| 18:09 | Build | Farm |
| 19:01 | Research | Scale Barding Armor |
| 19:03 | Research | Forging |
| 19:09 | Build | Stable |
| 19:15 | Build | Farm |
| 19:16 | Build | Farm |
| 19:16 | Build | Farm |
| 19:16 | Build | Farm |
| 19:16 | Build | Farm |
| 19:16 | Build | Farm |
| 19:21 | Create | Villager (Male) |
| 19:22 | Create | Villager (Male) |
| 19:40 | Create | Scout Cavalry |
| 19:50 | Build | Market |
Build order — xGusZx24
First 150 of 151 actions detected
| 0:01 | Create | Villager (Male) ×5 |
| 0:02 | Build | House |
| 0:03 | Build | House |
| 1:28 | Create | Villager (Male) |
| 1:28 | Create | Villager (Male) |
| 1:28 | Create | Villager (Male) |
| 2:04 | Create | Villager (Male) |
| 2:04 | Create | Villager (Male) |
| 2:21 | Create | Villager (Male) |
| 2:22 | Create | Villager (Male) |
| 2:42 | Create | Villager (Male) |
| 2:42 | Create | Villager (Male) |
| 2:47 | Create | Villager (Male) |
| 2:48 | Create | Villager (Male) |
| 3:18 | Build | Lumber Camp |
| 3:21 | Create | Villager (Male) |
| 3:36 | Create | Villager (Male) |
| 3:36 | Create | Villager (Male) |
| 3:36 | Create | Villager (Male) |
| 3:57 | Create | Villager (Male) |
| 3:57 | Create | Villager (Male) |
| 4:07 | Build | House |
| 4:10 | Build | House |
| 4:37 | Create | Villager (Male) |
| 4:47 | Create | Villager (Male) |
| 5:59 | Build | Mill |
| 6:04 | Create | Villager (Male) |
| 6:29 | Research | Loom |
| 6:33 | Create | Villager (Male) |
| 7:09 | Research | Loom |
| 7:17 | Research | Feudal Age |
| 7:53 | Build | Barracks |
| 8:51 | Build | Palisade Wall |
| 9:31 | Create | Villager (Male) |
| 9:37 | Age | Feudal Age |
| 9:40 | Build | Stable |
| 9:48 | Research | Double-Bit Axe |
| 9:48 | Create | Villager (Male) |
| 9:59 | Research | Horse Collar |
| 10:05 | Build | House |
| 10:08 | Build | Palisade Wall |
| 10:12 | Build | Palisade Wall |
| 10:16 | Create | Villager (Male) |
| 10:23 | Create | Scout Cavalry |
| 10:23 | Create | Scout Cavalry |
| 10:32 | Build | Farm |
| 10:39 | Create | Villager (Male) |
| 10:58 | Build | Farm |
| 11:00 | Build | House |
| 11:01 | Build | House |
| 11:04 | Build | House |
| 11:08 | Create | Villager (Male) |
| 11:11 | Create | Scout Cavalry |
| 11:24 | Build | Farm |
| 11:26 | Create | Scout Cavalry |
| 11:38 | Create | Villager (Male) |
| 11:40 | Create | Villager (Male) |
| 11:53 | Create | Scout Cavalry |
| 11:58 | Build | Farm |
| 12:10 | Build | Farm |
| 12:16 | Create | Villager (Male) |
| 12:17 | Create | Scout Cavalry |
| 12:24 | Build | House |
| 12:28 | Build | House |
| 12:30 | Create | Villager (Male) |
| 12:36 | Build | Farm |
| 12:42 | Create | Scout Cavalry |
| 12:50 | Build | Farm |
| 12:58 | Create | Villager (Male) |
| 13:22 | Create | Villager (Male) |
| 13:29 | Build | Blacksmith |
| 13:33 | Build | Farm |
| 13:39 | Build | Farm |
| 13:42 | Build | Farm |
| 13:44 | Build | Farm |
| 13:45 | Create | Villager (Male) |
| 14:02 | Build | Farm |
| 14:02 | Create | Villager (Male) |
| 14:17 | Build | Farm |
| 14:20 | Build | Farm |
| 14:21 | Create | Villager (Male) |
| 14:30 | Build | Farm |
| 14:33 | Build | Farm |
| 14:50 | Create | Villager (Male) |
| 14:53 | Build | Farm |
| 14:59 | Research | Scale Barding Armor |
| 15:02 | Create | Villager (Male) |
| 15:02 | Create | Villager (Male) |
| 15:14 | Build | Farm |
| 15:16 | Build | Farm |
| 15:19 | Build | Farm |
| 15:20 | Create | Villager (Male) |
| 15:34 | Create | Scout Cavalry |
| 15:40 | Build | Farm |
| 15:43 | Build | House |
| 16:32 | Create | Scout Cavalry |
| 16:37 | Create | Villager (Male) |
| 16:41 | Build | Farm |
| 16:44 | Build | Mining Camp |
| 16:46 | Create | Villager (Male) |
| 16:56 | Create | Scout Cavalry |
| 16:58 | Create | Scout Cavalry |
| 17:24 | Create | Scout Cavalry |
| 17:33 | Research | Forging |
| 17:34 | Create | Villager (Male) |
| 17:36 | Build | Farm |
| 17:38 | Build | Farm |
| 17:39 | Build | Farm |
| 17:39 | Create | Villager (Male) |
| 17:45 | Create | Scout Cavalry |
| 17:57 | Build | Farm |
| 18:03 | Build | House |
| 18:12 | Build | Lumber Camp |
| 18:17 | Create | Villager (Male) |
| 18:21 | Create | Scout Cavalry |
| 18:33 | Create | Villager (Male) |
| 19:17 | Build | Farm |
| 19:34 | Research | Castle Age |
| 19:34 | Research | Castle Age |
| 19:34 | Research | Castle Age |
| 20:13 | Research | Bloodlines |
| 20:13 | Research | Bloodlines |
| 20:22 | Build | Stable |
| 20:27 | Create | Scout Cavalry |
| 20:28 | Create | Scout Cavalry |
| 20:46 | Research | Gold Mining |
| 21:08 | Build | Stable |
| 21:23 | Create | Villager (Male) |
| 21:49 | Create | Villager (Male) |
| 21:59 | Age | Castle Age |
| 21:59 | Create | Knight |
| 22:00 | Create | Knight |
| 22:00 | Create | Knight |
| 22:00 | Create | Knight |
| 22:06 | Create | Villager (Male) |
| 22:23 | Build | Town Center |
| 22:33 | Build | Town Center |
| 22:42 | Create | Villager (Male) |
| 22:48 | Research | Husbandry |
| 22:48 | Research | Husbandry |
| 22:49 | Create | Knight |
| 22:49 | Create | Knight |
| 22:58 | Create | Villager (Male) |
| 23:05 | Research | Bow Saw |
| 23:05 | Research | Bow Saw |
| 23:08 | Research | Town Watch |
| 23:09 | Research | Wheelbarrow |
| 23:09 | Research | Wheelbarrow |
| 23:31 | Create | Knight |
| 23:31 | Create | Knight |
Build order — 埃迪卡拉老兵
146 actions detected in the replay
| 0:01 | Create | Villager (Male) |
| 0:01 | Create | Villager (Male) |
| 0:03 | Build | House |
| 0:06 | Build | House |
| 0:26 | Create | Villager (Male) |
| 0:32 | Create | Villager (Male) |
| 1:28 | Create | Villager (Male) |
| 1:29 | Create | Villager (Male) |
| 1:57 | Create | Villager (Male) |
| 2:25 | Create | Villager (Male) |
| 2:39 | Build | Lumber Camp |
| 2:46 | Create | Villager (Male) |
| 2:57 | Create | Villager (Male) |
| 3:46 | Create | Villager (Male) |
| 3:48 | Build | House |
| 4:01 | Create | Villager (Male) |
| 4:33 | Create | Villager (Male) |
| 4:55 | Create | Villager (Male) |
| 5:07 | Build | Barracks |
| 5:31 | Create | Villager (Male) |
| 5:39 | Build | House |
| 5:42 | Create | Villager (Male) |
| 6:13 | Research | Loom |
| 6:28 | Build | Mining Camp |
| 6:46 | Research | Feudal Age |
| 7:00 | Create | Militia |
| 7:00 | Create | Militia |
| 7:14 | Build | Mill |
| 7:19 | Create | Militia |
| 7:20 | Create | Militia |
| 7:42 | Create | Militia |
| 7:42 | Create | Militia |
| 7:58 | Build | House |
| 8:05 | Create | Militia |
| 8:05 | Create | Militia |
| 8:30 | Create | Militia |
| 8:56 | Age | Feudal Age |
| 8:57 | Create | Villager (Male) |
| 9:05 | Research | Man-at-Arms (upgrade) |
| 9:06 | Create | Villager (Male) |
| 9:39 | Research | Arson |
| 9:40 | Create | Villager (Male) |
| 9:56 | Build | Archery Range |
| 10:11 | Create | Villager (Male) |
| 10:18 | Build | House |
| 10:28 | Create | Villager (Male) |
| 10:59 | Build | Blacksmith |
| 11:01 | Create | Villager (Male) |
| 11:28 | Create | Villager (Male) |
| 11:29 | Create | Archer |
| 11:29 | Create | Archer |
| 11:33 | Create | Archer |
| 11:37 | Create | Skirmisher |
| 12:06 | Build | Palisade Wall |
| 12:07 | Build | Palisade Wall |
| 12:08 | Build | Palisade Wall |
| 12:10 | Build | Palisade Wall |
| 12:19 | Create | Skirmisher |
| 12:20 | Create | Villager (Male) |
| 12:58 | Create | Villager (Male) |
| 13:01 | Build | Farm |
| 13:04 | Build | Farm |
| 13:04 | Create | Archer |
| 13:04 | Create | Archer |
| 13:08 | Build | Farm |
| 13:12 | Build | Farm |
| 13:26 | Build | Farm |
| 13:28 | Build | Farm |
| 13:30 | Build | Farm |
| 13:32 | Create | Skirmisher |
| 13:51 | Build | House |
| 14:11 | Create | Archer |
| 14:18 | Create | Villager (Male) |
| 14:30 | Build | Archery Range |
| 14:34 | Create | Villager (Male) |
| 15:02 | Create | Villager (Male) |
| 15:12 | Research | Fletching |
| 15:23 | Build | Farm |
| 15:26 | Build | Farm |
| 15:39 | Create | Archer |
| 15:40 | Create | Archer |
| 15:56 | Create | Archer |
| 15:56 | Create | Archer |
| 16:24 | Create | Skirmisher |
| 16:25 | Create | Skirmisher |
| 16:33 | Create | Villager (Male) |
| 16:40 | Build | Farm |
| 16:44 | Create | Skirmisher |
| 16:47 | Build | Farm |
| 16:59 | Create | Skirmisher |
| 17:00 | Create | Villager (Male) |
| 17:05 | Build | Farm |
| 17:14 | Research | Padded Archer Armor |
| 17:23 | Create | Skirmisher |
| 17:23 | Create | Archer |
| 17:27 | Create | Skirmisher |
| 17:37 | Build | House |
| 17:39 | Build | House |
| 17:56 | Create | Villager (Male) |
| 18:05 | Build | House |
| 18:16 | Create | Skirmisher |
| 18:17 | Create | Skirmisher |
| 18:32 | Create | Skirmisher |
| 18:32 | Create | Villager (Male) |
| 18:32 | Create | Villager (Male) |
| 18:43 | Build | Mining Camp |
| 18:46 | Build | Mining Camp |
| 18:54 | Create | Villager (Male) |
| 19:00 | Build | Lumber Camp |
| 19:03 | Create | Villager (Male) |
| 19:20 | Create | Villager (Male) |
| 19:26 | Create | Skirmisher |
| 19:46 | Create | Villager (Male) |
| 19:50 | Build | Farm |
| 20:17 | Create | Villager (Male) |
| 20:19 | Create | Archer |
| 20:21 | Create | Villager (Male) |
| 20:38 | Create | Villager (Male) |
| 20:39 | Create | Archer |
| 20:47 | Build | Market |
| 20:51 | Create | Archer |
| 20:53 | Create | Skirmisher |
| 21:15 | Create | Archer |
| 21:17 | Create | Villager (Male) |
| 21:22 | Build | House |
| 21:23 | Build | House |
| 21:23 | Build | House |
| 21:28 | Create | Skirmisher |
| 21:38 | Create | Archer |
| 21:40 | Create | Villager (Male) |
| 21:44 | Build | House |
| 21:46 | Build | Lumber Camp |
| 22:09 | Create | Archer |
| 22:17 | Create | Archer |
| 22:18 | Create | Villager (Male) |
| 22:22 | Build | Farm |
| 22:25 | Research | Double-Bit Axe |
| 22:41 | Create | Archer |
| 22:42 | Create | Villager (Male) |
| 22:45 | Build | Farm |
| 22:59 | Create | Villager (Male) |
| 23:01 | Build | Farm |
| 23:17 | Create | Villager (Male) |
| 23:24 | Create | Villager (Male) |
| 23:27 | Create | Villager (Male) |
| 23:42 | Build | Farm |
Build order — Rhapcore
118 actions detected in the replay
| 0:01 | Create | Villager (Male) |
| 0:01 | Create | Villager (Male) |
| 0:05 | Build | House |
| 0:07 | Build | House |
| 0:33 | Create | Villager (Male) |
| 0:33 | Create | Villager (Male) |
| 0:33 | Create | Villager (Male) |
| 1:50 | Create | Villager (Male) |
| 1:50 | Create | Villager (Male) |
| 2:23 | Create | Villager (Male) |
| 2:23 | Create | Villager (Male) |
| 2:53 | Build | Lumber Camp |
| 2:58 | Create | Villager (Male) |
| 2:58 | Create | Villager (Male) |
| 3:47 | Create | Villager (Male) |
| 3:47 | Create | Villager (Male) |
| 3:47 | Create | Villager (Male) |
| 3:47 | Create | Villager (Male) |
| 4:17 | Build | House |
| 4:52 | Create | Villager (Male) |
| 4:52 | Create | Villager (Male) |
| 5:27 | Create | Villager (Male) |
| 5:27 | Create | Villager (Male) |
| 5:31 | Create | Villager (Male) |
| 5:49 | Create | Villager (Male) |
| 6:01 | Build | House |
| 6:25 | Build | Barracks |
| 6:44 | Create | Villager (Male) |
| 7:45 | Create | Villager (Male) |
| 7:59 | Research | Feudal Age |
| 8:53 | Build | House |
| 8:55 | Build | House |
| 9:00 | Build | House |
| 10:09 | Age | Feudal Age |
| 10:11 | Build | Stable |
| 10:14 | Build | Stable |
| 10:23 | Create | Villager (Male) |
| 10:24 | Create | Villager (Male) |
| 11:00 | Build | Mill |
| 11:04 | Create | Scout Cavalry |
| 11:30 | Create | Scout Cavalry |
| 11:30 | Create | Scout Cavalry |
| 11:36 | Build | House |
| 11:38 | Build | House |
| 11:43 | Build | Palisade Gate |
| 12:00 | Build | Farm |
| 12:01 | Build | Farm |
| 12:04 | Research | Bloodlines |
| 12:05 | Create | Scout Cavalry |
| 12:05 | Create | Scout Cavalry |
| 12:11 | Build | Mining Camp |
| 12:12 | Create | Villager (Male) |
| 12:12 | Create | Villager (Male) |
| 12:28 | Build | Farm |
| 12:54 | Create | Villager (Male) |
| 12:55 | Create | Villager (Male) |
| 12:57 | Create | Scout Cavalry |
| 12:57 | Create | Scout Cavalry |
| 13:31 | Create | Villager (Male) |
| 13:34 | Build | Farm |
| 13:37 | Build | Farm |
| 13:38 | Create | Villager (Male) |
| 13:48 | Build | Palisade Gate |
| 13:49 | Build | Palisade Wall |
| 14:03 | Create | Scout Cavalry |
| 14:03 | Create | Scout Cavalry |
| 14:49 | Create | Villager (Male) |
| 14:49 | Create | Villager (Male) |
| 14:52 | Create | Villager (Male) |
| 17:06 | Build | Farm |
| 17:07 | Build | Farm |
| 17:07 | Build | Farm |
| 17:07 | Build | Farm |
| 17:10 | Build | Farm |
| 17:10 | Build | Farm |
| 17:10 | Build | Farm |
| 17:10 | Build | Farm |
| 17:11 | Build | Farm |
| 17:11 | Build | Farm |
| 17:11 | Build | Farm |
| 17:13 | Create | Scout Cavalry ×5 |
| 17:34 | Research | Horse Collar |
| 17:49 | Build | House |
| 17:54 | Build | House |
| 17:56 | Build | Palisade Wall |
| 17:57 | Build | Palisade Wall |
| 17:58 | Build | Palisade Wall |
| 18:02 | Create | Villager (Male) |
| 18:02 | Create | Villager (Male) |
| 18:27 | Create | Villager (Male) |
| 18:37 | Build | Blacksmith |
| 18:43 | Create | Villager (Male) |
| 18:59 | Create | Scout Cavalry |
| 18:59 | Create | Scout Cavalry |
| 19:07 | Build | Farm |
| 19:58 | Create | Scout Cavalry |
| 19:58 | Create | Scout Cavalry |
| 20:14 | Research | Scale Barding Armor |
| 20:16 | Build | Farm |
| 20:19 | Build | Farm |
| 20:21 | Create | Villager (Male) |
| 20:21 | Create | Villager (Male) |
| 20:43 | Create | Villager (Male) |
| 20:47 | Create | Villager (Male) |
| 20:49 | Build | Farm |
| 20:51 | Create | Villager (Male) |
| 21:12 | Build | Farm |
| 21:13 | Build | Farm |
| 21:17 | Create | Villager (Male) |
| 21:17 | Create | Villager (Male) |
| 21:27 | Create | Scout Cavalry |
| 21:27 | Create | Scout Cavalry |
| 21:40 | Build | Farm |
| 21:41 | Create | Villager (Male) |
| 22:00 | Build | Farm |
| 22:43 | Build | Farm |
| 23:19 | Research | Castle Age |
| 23:19 | Research | Castle Age |
Match timeline
| 3:11 | Enhanced interrogation · wall_segment Palisade Wall x1 |
| 3:14 | Enhanced interrogation · wall_segment Palisade Wall x3 |
| 3:15 | Enhanced interrogation · wall_segment Palisade Wall x1 |
| 3:16 | Enhanced interrogation · wall_segment Palisade Wall x1 |
| 3:17 | Enhanced interrogation · wall_segment Palisade Wall x1 |
| 3:21 | Enhanced interrogation · wall_segment Palisade Wall x1 |
| 3:48 | Enhanced interrogation · wall_segment Palisade Wall x1 |
| 3:51 | Enhanced interrogation · wall_segment Palisade Wall x1 |
| 4:11 | Enhanced interrogation · wall_segment Palisade Wall x1 |
| 4:11 | Enhanced interrogation · wall_segment Palisade Wall x1 |
| 4:58 | Enhanced interrogation · wall_segment Palisade Wall x1 |
| 5:06 | Enhanced interrogation · wall_segment Palisade Wall x1 |
| 5:07 | 埃迪卡拉老兵 · first_building Barracks |
| 5:41 | MZTK I Kazoo · wall_segment Palisade Wall x2 |
| 5:54 | Enhanced interrogation · wall_segment Palisade Wall x1 |
| 5:56 | Enhanced interrogation · wall_segment Palisade Wall x1 |
| 5:57 | Enhanced interrogation · wall_segment Palisade Wall x1 |
| 6:10 | MZTK I Kazoo · wall_segment Palisade Wall x5 |
| 6:12 | MZTK I Kazoo · wall_segment Palisade Wall x1 |
| 6:25 | Rhapcore · first_building Barracks |
| 7:18 | MZTK I Kazoo · wall_segment Palisade Wall x9 |
| 7:22 | Enhanced interrogation · wall_segment Palisade Wall x1 |
| 7:23 | Enhanced interrogation · wall_segment Palisade Wall x1 |
| 7:38 | Enhanced interrogation · first_building Barracks |
| 7:53 | xGusZx24 · first_building Barracks |
| 8:06 | Mr Diniz · first_building Barracks |
| 8:12 | MZTK I Kazoo · wall_segment Palisade Wall x1 |
| 8:17 | MZTK I Kazoo · first_building Barracks |
| 8:22 | leom1a210343 · first_building Barracks |
| 8:44 | Enhanced interrogation · age_up feudal |
| 8:51 | xGusZx24 · wall_segment Palisade Wall x1 |
| 8:56 | Enhanced interrogation · first_building Archery Range |
| 8:56 | 埃迪卡拉老兵 · age_up feudal |
| 8:58 | Mr Diniz · age_up feudal |
| 8:58 | 87484897887 · age_up feudal |
| 9:08 | 87484897887 · first_building Stable |
| 9:16 | Mr Diniz · first_building Stable |
| 9:18 | leom1a210343 · age_up feudal |
| 9:25 | leom1a210343 · first_building Archery Range |
| 9:37 | xGusZx24 · age_up feudal |
| 9:40 | xGusZx24 · first_building Stable |
| 9:52 | Enhanced interrogation · wall_segment Palisade Wall x1 |
| 9:53 | Enhanced interrogation · wall_segment Palisade Wall x1 |
| 9:55 | Enhanced interrogation · wall_segment Palisade Wall x1 |
| 9:56 | 埃迪卡拉老兵 · first_building Archery Range |
| 10:07 | MZTK I Kazoo · age_up feudal |
| 10:08 | xGusZx24 · wall_segment Palisade Wall x6 |
| 10:09 | MZTK I Kazoo · first_building Archery Range |
| 10:09 | Rhapcore · age_up feudal |
| 10:11 | Rhapcore · first_building Stable |
| 10:12 | xGusZx24 · wall_segment Palisade Wall x1 |
| 10:31 | Mr Diniz · wall_segment Palisade Wall x3 |
| 12:06 | 埃迪卡拉老兵 · wall_segment Palisade Wall x1 |
| 12:07 | 埃迪卡拉老兵 · wall_segment Palisade Wall x1 |
| 12:08 | 埃迪卡拉老兵 · wall_segment Palisade Wall x1 |
| 12:10 | 埃迪卡拉老兵 · wall_segment Palisade Wall x1 |
| 12:46 | MZTK I Kazoo · wall_segment Palisade Wall x3 |
| 12:49 | MZTK I Kazoo · wall_segment Palisade Wall x8 |
| 13:08 | Enhanced interrogation · wall_segment Palisade Wall x1 |
| 13:49 | Rhapcore · wall_segment Palisade Wall x4 |
| 14:59 | leom1a210343 · wall_segment Palisade Wall x8 |
| 17:56 | Rhapcore · wall_segment Palisade Wall x1 |
| 17:57 | Rhapcore · wall_segment Palisade Wall x1 |
| 17:58 | Rhapcore · wall_segment Palisade Wall x1 |
| 20:28 | Enhanced interrogation · wall_segment Palisade Wall x1 |
| 21:22 | 87484897887 · first_building Barracks |
| 21:59 | xGusZx24 · age_up castle |
| 23:27 | Enhanced interrogation · resign |
[ AI ANALYSIS · 1 CREDIT ]
What really happened in this match?
Wolo.gg analyzes every decision: build order, eco, micro, common mistakes by bracket. Personalized analysis on WhatsApp or Discord in 30 seconds.
Civ guide
Ethiopians
Perfil
Jugador #2666079